 Dungeon Crawl Stone Soup version 0.28.0-45-g0d030f2227 (webtiles) character file.

Game seed: 17225565580744012631

83 Kangaroobicon the Skirmisher (level 4, -1/41 HPs)
             Began as a Hill Orc Fighter on Apr 14, 2022.
             Succumbed to a scorpion's poison
             ... on level 5 of the Dungeon.
             The game lasted 00:11:00 (1420 turns).

Kangaroobicon the Skirmisher (Hill Orc Fighter)     Turns: 1420, Time: 00:11:01

Health: -1/41      AC:  8    Str: 18    XL:     4   Next: 44%
Magic:  4/4        EV:  9    Int:  8    God:
Gold:   95         SH:  4    Dex: 12    Spells: 3/3 levels left

rFire   . . .      SeeInvis +   a - +0 war axe
rCold   . . .      Faith    .   c - +0 buckler
rNeg    . . .      Spirit   .   b - +0 scale mail
rPois   .          Reflect  .   l - +0 helmet
rElec   .          Harm     .   (no cloak)
rCorr   .          Rampage  .   (no gloves)
Will    .....                   (no boots)
Stlth   ..........              (no amulet)
HPRegen 0.13/turn               e - ring of see invisible
MPRegen 0.09/turn               (no ring)

@: lethally poisoned (-1 -> -22)
A: no striking features
a: no special abilities


You were on level 5 of the Dungeon.
You visited 1 branch of the dungeon, and saw 4 of its levels.

You collected 95 gold pieces.

Inventory:

Hand Weapons
 a - a +0 war axe (weapon)
Missiles
 f - 24 stones (quivered)
 g - 25 sling bullets
 m - a throwing net
 o - 3 poisoned darts
Armour
 b - a +0 scale mail (worn)
 c - a +0 buckler (worn)
 j - a +0 kite shield
 l - a +0 helmet (worn)
Jewellery
 e - a ring of see invisible (left hand)
Scrolls
 h - 2 scrolls of identify {unknown}
 k - a scroll of teleportation {unknown}
 n - a scroll of blinking {unknown}
 p - 3 scrolls of holy word {unknown}
Potions
 d - a potion of might
 i - 4 potions of curing {unknown}


   Skills:
 + Level 4.4 Fighting
 + Level 4.1 Axes
 + Level 3.9 Armour
 + Level 3.7 Shields


You had 3 spell levels left.
You didn't know any spells.
Your spell library was empty.

Dungeon Overview and Level Annotations

Branches:
Dungeon (3/15)

Altars:


Message History

You kill the kobold!
Things that are here:
a +0 dagger; a kobold corpse
Things that are here:
a +0 dagger; a kobold corpse You see here a jackal corpse.
Found a robe.
Found a stone staircase leading down.
A sourceless malevolence fills the Dungeon...
You fall into a shaft and drop 2 floors!
The shaft crumbles and collapses.
Found three items.
Found a stone staircase leading down.
Found a bubbling white potion.
You now have 83 gold pieces (gained 15).
Found 12 gold pieces.
There is a stone staircase leading down here.
Found a helmet.
p - 3 scrolls labelled CATUTA QEWEFUS
Found a forked bone wand.
You now have 95 gold pieces (gained 12).
A scorpion comes into view.
You see here a +0 helmet.
q - a +0 helmet You drop a +0 helmet.
You barely miss the scorpion. You block the scorpion's attack.
The scorpion stings you!
You are poisoned.
The scorpion poisons you!
You hit the scorpion but do no damage.
You feel very sick. The scorpion stings you.
You hit the scorpion.
The scorpion is lightly wounded.
You feel very sick. The scorpion misses you. The scorpion stings you!
* * * LOW HITPOINT WARNING * * *
You are more poisoned.
The scorpion poisons you!
You slash the scorpion!
The scorpion is severely wounded.
You die...

# #># #.# .
#.# . #.# .#
#.# #.# # #.#
.....
#.###.##.#.#
#..........#.#
#####.@s......
####.../.#
.##.## . # #


You could see a scorpion.

Vanquished Creatures
  2 adders (D:2)
  A worm (D:2)
  5 ball pythons
  2 bats
  6 endoplasms
  2 giant cockroaches
  3 goblins
  5 hobgoblins
  12 jackals
  A quokka (D:2)
  5 frilled lizards (D:2)
  7 kobolds
  3 rats
54 creatures vanquished.

Notes
Turn   | Place    | Note
-------+----------+-------------------------------------------
     0 | D:1      | Kangaroobicon the Hill Orc Fighter began the quest for the
                  | Orb.
     0 | D:1      | Reached XP level 1. HP: 19/19 MP: 1/1
   193 | D:1      | Reached XP level 2. HP: 21/27 MP: 2/2
   720 | D:2      | Reached XP level 3. HP: 18/33 MP: 3/3
   962 | D:2      | Reached XP level 4. HP: 33/41 MP: 4/4
  1395 | D:3      | You fall into a shaft and drop 2 floors!
  1395 | D:5      | Entered Level 5 of the Dungeon
  1413 | D:5      | Noticed a scorpion
  1420 | D:5      | Succumbed to a scorpion's poison

Illustrated notes

Levels and vault maps discovered:
D:1:      minmay_arrival_cross, layout_loops_ring
D:2:      layout_basic
D:3:      layout_rooms, minivault_11, kennysheep_jessica_study, uniq_ijyb
D:5:      layout_loops_ring, cheibrodos_worm_habitat, minivault_19

Skill      XL: |  1  2  3  4 |
---------------+-------------+-----
Fighting       | 4 |  4.4
Axes           | 3 4 |  4.1
Armour         | |  3.9
Shields        | |  3.7

Action                   |  1- 3 |  4- 6 || total
-------------------------+-------+-------++-------
Melee: War axe           |    76 |    42 ||   118
Armor: Scale mail        |    50 |    36 ||    86
Dodge: Dodged            |    36 |    22 ||    58
Block: Buckler           |    13 |    19 ||    32
